Boston Bruins vs Edmonton Oilers
Created - Sunday, December 8, 2024 at 07:52
Goals
|
| Boston Bruins |
3 |
0 |
2 |
5 |
| Edmonton Oilers |
0 |
0 |
1 |
1 |
|
Shots
|
| Boston Bruins |
15 |
17 |
9 |
41 |
| Edmonton Oilers |
8 |
7 |
15 |
30 |
|
1st period
1. Boston Bruins , Evander Kane 26 (Alex Vlasic 22, Jacob Markstrom) at 10:34
2. Boston Bruins , Evander Kane 27 (Alex Newhook 51, Ryan Strome 30) at 11:44 (PP)
3. Boston Bruins , Joel Farabee 29 (Anders Lee 23, Eetu Luostarinen 25) at 16:01
Penalties :
Jacob Trouba (EDM) for Tripping (Minor) at 2:48, Scott Mayfield (EDM) for Cross-checking (Minor) at 6:33, Adrian Kempe (EDM) for Roughing (Minor) at 11:31
2nd period
No Goal
Penalties :
Scott Mayfield (EDM) for Holding (Minor) at 5:26, Joel Farabee (BOS) for High sticking (Minor) at 12:53, Adrian Kempe (EDM) for Tripping (Minor) at 16:03, Evan Bouchard (EDM) for Interference (Minor) at 19:13
3rd period
4. Edmonton Oilers , Jacob Trouba 5 (Jake DeBrusk 22, Brock Boeser 45) at 1:57 (PP)
5. Boston Bruins , Cam York 7 (Morgan Geekie 32, Joel Farabee 45) at 10:14
6. Boston Bruins , Vincent Trocheck 33 (Ryan Lindgren 17, Morgan Geekie 33) at 17:35
Penalties :
Ryan Strome (BOS) for Cross-checking (Minor) at 0:54, Evander Kane (BOS) for Tripping (Minor) at 12:31, Corey Perry (EDM) for Fighting (Major) at 18:58, Connor Clifton (BOS) for Fighting (Major) at 18:58
Goalie Stats
Jacob Markstrom (BOS), 29 saves from 30 shots - (0.967), W, 29-24-5, 60:00 minutes
Matt Murray (EDM), 36 saves from 41 shots - (0.878), L, 6-17-2, 60:00 minutes
Players Stats for Boston Bruins
Player Name G A P +/- PIM S H SB GA TA FO MP PP MP PK MP
------------------------------------------------------------------------------------
Alex Newhook 0 1 1 0 0 6 1 1 2 0 17/23 19:59 4:25 2:16
Alex Vlasic 0 1 1 1 0 0 0 0 0 1 0/0 11:52 0:00 0:00
Anders Lee 0 1 1 1 0 0 2 0 2 0 0/0 10:17 0:00 0:00
Andrew Copp 0 0 0 1 0 0 1 0 0 0 1/1 21:00 5:25 2:16
Cam York 1 0 1 1 0 2 2 0 0 0 0/0 26:08 4:38 2:34
Connor Clifton 0 0 0 2 5 0 2 1 0 0 0/0 21:59 5:12 2:09
Eetu Luostarinen 0 1 1 1 0 1 3 0 0 0 2/2 10:23 0:00 0:05
Evander Kane 2 0 2 0 2 4 0 0 0 0 0/2 17:42 4:25 0:00
Joel Farabee 1 1 2 1 2 2 1 0 0 1 1/1 10:17 0:00 0:00
John-Jason Peterka 0 0 0 2 0 3 0 0 0 0 0/0 8:14 0:00 0:00
Jonathan Marchessault 0 0 0 1 0 2 3 0 1 0 1/3 21:27 5:25 2:24
Michael Rasmussen 0 0 0 2 0 0 1 1 0 0 0/0 8:14 0:00 0:00
Morgan Geekie 0 2 2 2 0 3 0 0 0 1 1/3 8:14 0:00 0:00
Ryan Lindgren 0 1 1 2 0 1 0 0 1 0 0/0 22:00 5:12 2:09
Ryan Strome 0 1 1 0 2 3 0 1 1 0 0/1 17:42 4:24 0:00
Torey Krug 0 0 0 1 0 2 0 1 0 1 0/0 26:08 4:38 2:34
Tyson Barrie 0 0 0 1 0 0 0 0 0 0 0/0 11:52 0:00 0:00
Vincent Trocheck 1 0 1 1 0 12 1 1 0 0 9/25 21:27 5:25 2:25
Players Stats for Edmonton Oilers
Player Name G A P +/- PIM S H SB GA TA FO MP PP MP PK MP
------------------------------------------------------------------------------------
Adrian Kempe 0 0 0 -1 4 4 2 0 1 1 2/6 25:18 2:56 3:58
Alex Iafallo 0 0 0 -1 0 0 0 1 0 0 0/2 5:05 0:00 0:00
Boone Jenner 0 0 0 0 0 3 1 0 0 1 13/24 21:22 2:50 4:46
Brandon Carlo 0 0 0 -1 0 0 1 4 0 1 0/0 23:16 1:52 4:58
Brett Pesce 0 0 0 -1 0 0 0 2 0 0 0/0 15:25 0:00 2:13
Brock Boeser 0 1 1 -1 0 4 1 2 1 0 0/0 22:04 1:53 4:59
Corey Perry 0 0 0 -2 5 5 0 0 0 0 0/2 11:56 0:00 0:55
David Perron 0 0 0 0 0 3 2 0 1 0 0/1 21:22 2:50 4:46
David Savard 0 0 0 -2 0 0 3 0 0 1 0/0 23:34 2:51 4:52
Dawson Mercer 0 0 0 -2 0 1 1 0 1 0 3/7 11:40 0:00 0:11
Derek Ryan 0 0 0 0 0 0 0 0 0 0 0/0 0:00 0:00 0:00
Evan Bouchard 0 0 0 -2 2 0 3 2 0 1 0/0 22:27 2:57 3:40
Jacob Trouba 1 0 1 -1 2 3 1 0 0 1 0/0 22:14 1:52 3:57
Jake DeBrusk 0 1 1 -1 0 2 0 1 0 0 0/0 16:33 1:47 0:05
Jeff Carter 0 0 0 -1 0 1 1 0 0 0 7/13 16:26 1:47 0:00
Morgan Barron 0 0 0 0 0 0 0 0 0 0 0/0 1:31 0:00 0:00
Ryan McLeod 0 0 0 -3 0 3 2 0 0 0 3/5 16:14 0:00 0:00
Scott Mayfield 0 0 0 -1 4 1 1 2 0 1 1/1 13:18 0:00 0:00
3 Stars
1 - Jacob Markstrom (BOS)
2 - Evander Kane (BOS)
3 - Cam York (BOS)
Power Play
Boston Bruins - 1 on 6 Attempt(s) - 16.67%
Edmonton Oilers - 1 on 3 Attempt(s) - 33.33%
Penalty Kill
Boston Bruins - 2 on 3 Attempt(s) - 66.67%
- Score 0 goal in Penalty Kill
Edmonton Oilers - 5 on 6 Attempt(s) - 83.33%
- Score 0 goal in Penalty Kill
Team Stat
Boston Bruins - Hits : 17 - Faceoff Wins : 32 - Blocked Shots : 6 - Penalty Minutes : 11
Edmonton Oilers - Hits : 19 - Faceoff Wins : 29 - Blocked Shots : 14 - Penalty Minutes : 17
Official
Referees : Dan O'Rourke and Francois St Laurent
Linesman : Mark Shewchyk and Ryan Daisy
Game Notes
Corey Perry and Connor Clifton fight to a draw at 18:58 of 3rd period
Finance
Level 1 -- Attendance: 5457 (90.95%) -- Ticket Income $491,130
Level 2 -- Attendance: 4266 (85.32%) -- Ticket Income $213,300
Level 3 -- Attendance: 3000 (100.00%) -- Ticket Income $90,000
Level 4 -- Attendance: 4468 (89.36%) -- Ticket Income $89,360
Luxury Box -- Attendance: 873 (87.30%) -- Ticket Income $165,870
Game was played at the Rexall Place.
Total Attendance: 18064 (90.32%)
Total Ticket Income: $1,049,660
Other Income: $367,381
Total Income: $1,417,041
Boston Bruins
5 vs 5 Forward
Center Left Wing Right Wing Time % Phy DF OF
1 Vincent Trocheck Jonathan Marchessault Andrew Copp 30 1 2 2
2 Alex Newhook Evander Kane Ryan Strome 30 1 2 2
3 Eetu Luostarinen Anders Lee Joel Farabee 25 1 2 2
4 Morgan Geekie Michael Rasmussen John-Jason Peterka 15 1 2 2
5 vs 5 Defense
Defense Defense Time % Phy DF OF
1 Torey Krug Cam York 30 1 2 2
2 Ryan Lindgren Connor Clifton 30 1 2 2
3 Alex Vlasic Tyson Barrie 25 1 2 2
4 Torey Krug Cam York 15 1 2 2
PowerPlay Forward
Center Left Wing Right Wing Time % Phy DF OF
1 Vincent Trocheck Jonathan Marchessault Andrew Copp 50 1 2 2
2 Alex Newhook Evander Kane Ryan Strome 50 1 2 2
PowerPlay Defense
Defense Defense Time % Phy DF OF
1 Torey Krug Cam York 50 1 2 2
2 Ryan Lindgren Connor Clifton 50 1 2 2
Penalty Kill 4 Players Forward
Center Wing Time % Phy DF OF
1 Vincent Trocheck Jonathan Marchessault 50 1 2 2
2 Alex Newhook Andrew Copp 50 1 2 2
Penalty Kill 4 Players Defense
Defense Defense Time % Phy DF OF
1 Torey Krug Cam York 50 1 2 2
2 Ryan Lindgren Connor Clifton 50 1 2 2
Penalty Kill - 3 Players Forward
Forward Time % Phy DF OF
1 Vincent Trocheck 50 1 2 2
2 Jonathan Marchessault 50 1 2 2
Penalty Kill - 3 Players Defense
Defense Defense Time % Phy DF OF
1 Torey Krug Cam York 50 1 2 2
2 Ryan Lindgren Connor Clifton 50 1 2 2
4 vs 4 Forward
Center Wing Time % Phy DF OF
1 Vincent Trocheck Jonathan Marchessault 50 1 2 2
2 Alex Newhook Andrew Copp 50 1 2 2
4 vs 4 Defense
Defense Defense Time % Phy DF OF
1 Torey Krug Cam York 50 1 2 2
2 Ryan Lindgren Connor Clifton 50 1 2 2
Last Minutes Offensive
Center Left Wing Right Wing Defense Defense
Vincent Trocheck Jonathan Marchessault Andrew Copp Torey Krug Cam York
Last Minutes Defensive
Center Left Wing Right Wing Defense Defense
Vincent Trocheck Jonathan Marchessault Andrew Copp Torey Krug Cam York
Goaltenders
Starting : Jacob Markstrom
Backup : Pyotr Kochetkov
Extra Forwards
Normal : Joel Farabee, Anders Lee, Eetu Luostarinen - PP : Joel Farabee, Anders Lee - PK : Eetu Luostarinen
Extra Defensemen
Normal : Alex Vlasic, Tyson Barrie, Ryan Lindgren - PP : Alex Vlasic - PK : Tyson Barrie, Ryan Lindgren
Penalty Shots
Vincent Trocheck, Jonathan Marchessault, Alex Newhook, Andrew Copp, Ryan Strome
Scratches
Anthony Beauvillier (Healthy), Drew O'Connor (Healthy), Beck Malenstyn (Healthy), John Ludvig (Healthy), Angus Crookshank (Healthy)
Edmonton Oilers
5 vs 5 Forward
Center Left Wing Right Wing Time % Phy DF OF
1 Boone Jenner David Perron Adrian Kempe 30 1 2 2
2 Jeff Carter Jake DeBrusk Brock Boeser 30 1 2 2
3 Dawson Mercer Ryan McLeod Corey Perry 25 1 2 2
4 Ryan McLeod Adrian Kempe Alex Iafallo 15 1 2 2
5 vs 5 Defense
Defense Defense Time % Phy DF OF
1 Jacob Trouba Brandon Carlo 35 1 2 2
2 David Savard Evan Bouchard 35 1 2 2
3 Scott Mayfield Brett Pesce 30 1 2 2
4 Jacob Trouba Brandon Carlo 0 1 2 2
PowerPlay Forward
Center Left Wing Right Wing Time % Phy DF OF
1 Boone Jenner David Perron Adrian Kempe 50 1 2 2
2 Jeff Carter Jake DeBrusk Brock Boeser 50 1 2 2
PowerPlay Defense
Defense Defense Time % Phy DF OF
1 Jacob Trouba Brandon Carlo 50 1 2 2
2 David Savard Evan Bouchard 50 1 2 2
Penalty Kill 4 Players Forward
Center Wing Time % Phy DF OF
1 Adrian Kempe Brock Boeser 50 1 2 2
2 Boone Jenner David Perron 50 1 2 2
Penalty Kill 4 Players Defense
Defense Defense Time % Phy DF OF
1 Jacob Trouba Brandon Carlo 50 1 2 2
2 David Savard Evan Bouchard 50 1 2 2
Penalty Kill - 3 Players Forward
Forward Time % Phy DF OF
1 Adrian Kempe 50 1 2 2
2 Brock Boeser 50 1 2 2
Penalty Kill - 3 Players Defense
Defense Defense Time % Phy DF OF
1 Jacob Trouba Brandon Carlo 50 1 2 2
2 David Savard Evan Bouchard 50 1 2 2
4 vs 4 Forward
Center Wing Time % Phy DF OF
1 Adrian Kempe Brock Boeser 50 1 2 2
2 Boone Jenner David Perron 50 1 2 2
4 vs 4 Defense
Defense Defense Time % Phy DF OF
1 Jacob Trouba Brandon Carlo 50 1 2 2
2 David Savard Evan Bouchard 50 1 2 2
Last Minutes Offensive
Center Left Wing Right Wing Defense Defense
Boone Jenner David Perron Adrian Kempe Jacob Trouba Brandon Carlo
Last Minutes Defensive
Center Left Wing Right Wing Defense Defense
Boone Jenner David Perron Adrian Kempe Jacob Trouba Brandon Carlo
Goaltenders
Starting : Matt Murray
Backup : Juuse Saros
Extra Forwards
Normal : Morgan Barron, Derek Ryan, Corey Perry - PP : Morgan Barron, Derek Ryan - PK : Corey Perry
Extra Defensemen
Normal : Scott Mayfield, Brett Pesce, David Savard - PP : Scott Mayfield - PK : Brett Pesce, David Savard
Penalty Shots
Adrian Kempe, Brock Boeser, Boone Jenner, David Perron, Jake DeBrusk
Scratches
David Reinbacher (Healthy), Rasmus Ristolainen (Healthy), Julien Gauthier (Healthy), Tanner Jeannot (Healthy), Dylan Holloway (Healthy)
% Time on Ice - Boston Bruins
Lines # - Real PCT - Wanted PCT - Time Play
Normal Forward
1 - 30% - 30% - 13:20
2 - 29% - 30% - 13:18
3 - 23% - 25% - 10:17
4 - 18% - 15% - 8:14
Normal Defense
1 - 30% - 30% - 13:34
2 - 32% - 30% - 14:39
3 - 26% - 25% - 11:52
4 - 11% - 15% - 5:04
PP Forward
1 - 55% - 50% - 5:25
2 - 45% - 50% - 4:25
PP Defense
1 - 47% - 50% - 4:38
2 - 53% - 50% - 5:12
PK Forward
1 - 52% - 50% - 2:27
2 - 48% - 50% - 2:16
PK Defense
1 - 54% - 50% - 2:34
2 - 46% - 50% - 2:09
PK3 Forward
1 - 0% - 50%
2 - 0% - 50%
PK3 Defense
1 - 0% - 50%
2 - 0% - 50%
44 Forward
1 - 100% - 50% - 0:18
2 - 0% - 50% - 0:00
44 Defense
1 - 100% - 50% - 0:18
2 - 0% - 50% - 0:00
Last Minute Offensive - 0:00
Last Minute Defensive - 0:00
Total
Forward - 60:00
Defense - 60:00
|
% Time on Ice - Edmonton Oilers
Lines # - Real PCT - Wanted PCT - Time Play
Normal Forward
1 - 31% - 30% - 14:01
2 - 33% - 30% - 14:41
3 - 25% - 25% - 11:22
4 - 11% - 15% - 5:05
Normal Defense
1 - 35% - 35% - 15:56
2 - 35% - 35% - 15:51
3 - 29% - 30% - 13:10
4 - 0% - 0% - 0:12
PP Forward
1 - 62% - 50% - 2:56
2 - 38% - 50% - 1:47
PP Defense
1 - 40% - 50% - 1:52
2 - 60% - 50% - 2:51
PK Forward
1 - 52% - 50% - 5:04
2 - 48% - 50% - 4:46
PK Defense
1 - 51% - 50% - 4:58
2 - 49% - 50% - 4:52
PK3 Forward
1 - 0% - 50%
2 - 0% - 50%
PK3 Defense
1 - 0% - 50%
2 - 0% - 50%
44 Forward
1 - 100% - 50% - 0:18
2 - 0% - 50% - 0:00
44 Defense
1 - 100% - 50% - 0:18
2 - 0% - 50% - 0:00
Last Minute Offensive - 0:00
Last Minute Defensive - 0:00
Total
Forward - 60:00
Defense - 60:00
|
Play-by-Play
1st period
0:01 of 1st period - Andrew Copp wins face-off versus Boone Jenner in neutral zone.
0:14 of 1st period - Wrist shot by Vincent Trocheck.
0:14 of 1st period - Shot Misses the Net.
0:16 of 1st period - Snap shot by Cam York.
0:16 of 1st period - Deflect By Vincent Trocheck.
0:16 of 1st period - Stopped by Matt Murray with a rebound.
0:26 of 1st period - Ryan Strome is hit by Brandon Carlo.
0:42 of 1st period - Jacob Trouba is hit by Connor Clifton and loses puck.
1:50 of 1st period - Tyson Barrie is hit by Evan Bouchard and loses puck.
2:26 of 1st period - Wrist shot by Joel Farabee.
2:26 of 1st period - Shot Misses the Net.
2:48 of 1st period - Minor Penalty to Jacob Trouba for Tripping.
2:49 of 1st period - Boone Jenner wins face-off versus Vincent Trocheck in Edmonton Oilers zone.
3:28 of 1st period - Brett Pesce is hit by Alex Newhook and loses puck.
3:41 of 1st period - Snap shot by Ryan Strome.
3:41 of 1st period - Stopped by Matt Murray without a rebound.
3:42 of 1st period - Adrian Kempe wins face-off versus Vincent Trocheck in Edmonton Oilers zone.
4:48 of 1st period - Penalty to Jacob Trouba is over, Jacob Trouba is back on ice.
4:59 of 1st period - Joel Farabee is hit by Scott Mayfield and loses puck.
5:29 of 1st period - Snap shot by Brock Boeser.
5:29 of 1st period - Stopped by Jacob Markstrom without a rebound.
5:30 of 1st period - Boone Jenner wins face-off versus Vincent Trocheck in Boston Bruins zone.
5:31 of 1st period - Snap shot by Adrian Kempe.
5:31 of 1st period - Deflect By Boone Jenner.
5:31 of 1st period - Stopped by Jacob Markstrom with a rebound.
5:35 of 1st period - Snap shot by Adrian Kempe.
5:35 of 1st period - Stopped by Jacob Markstrom with a rebound.
5:59 of 1st period - Wrist shot by Alex Newhook.
5:59 of 1st period - Stopped by Matt Murray without a rebound.
6:00 of 1st period - Alex Newhook wins face-off versus Ryan McLeod in Edmonton Oilers zone.
6:25 of 1st period - Scott Mayfield is hit by Jonathan Marchessault and loses puck.
6:33 of 1st period - Minor Penalty to Scott Mayfield for Cross-checking.
6:34 of 1st period - Vincent Trocheck wins face-off versus Adrian Kempe in Edmonton Oilers zone.
6:39 of 1st period - Snap shot by Vincent Trocheck.
6:39 of 1st period - Stopped by Matt Murray with a rebound.
6:41 of 1st period - Slapshot by Connor Clifton.
6:41 of 1st period - Shot Blocked by Evan Bouchard.
6:49 of 1st period - Snap shot by Vincent Trocheck.
6:49 of 1st period - Stopped by Matt Murray with a rebound.
6:51 of 1st period - Snap shot by Vincent Trocheck.
6:51 of 1st period - Stopped by Matt Murray without a rebound.
6:52 of 1st period - Alex Newhook wins face-off versus Boone Jenner in Edmonton Oilers zone.
7:25 of 1st period - Backhand shot by Jonathan Marchessault.
7:25 of 1st period - Shot Blocked by Brandon Carlo.
8:02 of 1st period - Cam York is hit by Evan Bouchard and loses puck.
8:33 of 1st period - Penalty to Scott Mayfield is over, Scott Mayfield is back on ice.
8:40 of 1st period - Off-side.
8:41 of 1st period - Joel Farabee wins face-off versus Corey Perry in neutral zone.
9:15 of 1st period - Jeff Carter is hit by Cam York and loses puck.
10:34 of 1st period - Wrist shot by Evander Kane.
10:34 of 1st period - Goal by Evander Kane - Boston Bruins : 1 - Edmonton Oilers : 0.
10:35 of 1st period - Alex Newhook wins face-off versus Boone Jenner in neutral zone.
10:35 of 1st period - Evander Kane is hit by David Savard and loses puck.
10:46 of 1st period - Wrist shot by Alex Newhook.
10:46 of 1st period - Stopped by Matt Murray without a rebound.
10:47 of 1st period - Boone Jenner wins face-off versus Vincent Trocheck in Edmonton Oilers zone.
10:59 of 1st period - Icing by Connor Clifton.
11:00 of 1st period - Vincent Trocheck wins face-off versus Boone Jenner in Boston Bruins zone.
11:00 of 1st period - Vincent Trocheck is hit by David Savard.
11:31 of 1st period - Minor Penalty to Adrian Kempe for Roughing.
11:32 of 1st period - Alex Newhook wins face-off versus Boone Jenner in Edmonton Oilers zone.
11:44 of 1st period - Snap shot by Evander Kane.
11:44 of 1st period - Goal by Evander Kane - Boston Bruins : 2 - Edmonton Oilers : 0.
11:45 of 1st period - Alex Newhook wins face-off versus Jeff Carter in neutral zone.
12:12 of 1st period - Brandon Carlo is hit by Joel Farabee and loses puck.
12:33 of 1st period - Slapshot by Adrian Kempe.
12:33 of 1st period - Shot Misses the Net.
12:57 of 1st period - Wrist shot by Brock Boeser.
12:57 of 1st period - Stopped by Jacob Markstrom without a rebound.
12:58 of 1st period - Jeff Carter wins face-off versus Alex Newhook in Boston Bruins zone.
13:03 of 1st period - Snap shot by Jake DeBrusk.
13:03 of 1st period - Shot Misses the Net.
13:40 of 1st period - Wrist shot by David Perron.
13:40 of 1st period - Stopped by Jacob Markstrom without a rebound.
13:41 of 1st period - Vincent Trocheck wins face-off versus Dawson Mercer in Boston Bruins zone.
14:29 of 1st period - Jacob Trouba is hit by Eetu Luostarinen and loses puck.
14:51 of 1st period - Icing by Boone Jenner.
14:52 of 1st period - Dawson Mercer wins face-off versus Morgan Geekie in Edmonton Oilers zone.
15:21 of 1st period - Wrist shot by Brock Boeser.
15:21 of 1st period - Stopped by Jacob Markstrom with a rebound.
15:47 of 1st period - Wrist shot by Jonathan Marchessault.
15:47 of 1st period - Shot Misses the Net.
15:49 of 1st period - Snap shot by Jonathan Marchessault.
15:49 of 1st period - Shot Blocked by Scott Mayfield.
15:51 of 1st period - Snap shot by Vincent Trocheck.
15:51 of 1st period - Stopped by Matt Murray without a rebound.
15:52 of 1st period - Eetu Luostarinen wins face-off versus Dawson Mercer in Edmonton Oilers zone.
15:59 of 1st period - Snap shot by Joel Farabee.
15:59 of 1st period - Stopped by Matt Murray with a rebound.
16:01 of 1st period - Backhand shot by Joel Farabee.
16:01 of 1st period - Goal by Joel Farabee - Boston Bruins : 3 - Edmonton Oilers : 0.
16:02 of 1st period - Ryan McLeod wins face-off versus Vincent Trocheck in neutral zone.
16:07 of 1st period - Slapshot by Ryan McLeod.
16:07 of 1st period - Shot Hit the Post.
16:15 of 1st period - Ryan McLeod is hit by Jonathan Marchessault and loses puck.
17:06 of 1st period - Wrist shot by Corey Perry.
17:06 of 1st period - Shot Blocked by Michael Rasmussen.
18:06 of 1st period - Wrist shot by Alex Newhook.
18:06 of 1st period - Stopped by Matt Murray without a rebound.
18:07 of 1st period - Jeff Carter wins face-off versus Alex Newhook in Edmonton Oilers zone.
18:17 of 1st period - Snap shot by Alex Newhook.
18:17 of 1st period - Shot Misses the Net.
18:23 of 1st period - Snap shot by Alex Newhook.
18:23 of 1st period - Shot Misses the Net.
19:00 of 1st period - Wrist shot by Corey Perry.
19:00 of 1st period - Stopped by Jacob Markstrom with a rebound.
19:02 of 1st period - Snap shot by Brett Pesce.
19:02 of 1st period - Shot Misses the Net.
19:04 of 1st period - Snap shot by Scott Mayfield.
19:04 of 1st period - Stopped by Jacob Markstrom without a rebound.
19:05 of 1st period - Vincent Trocheck wins face-off versus Dawson Mercer in Boston Bruins zone.
19:22 of 1st period - Snap shot by Vincent Trocheck.
19:22 of 1st period - Stopped by Matt Murray with a rebound.
19:24 of 1st period - Slapshot by Jonathan Marchessault.
19:24 of 1st period - Stopped by Matt Murray without a rebound.
19:25 of 1st period - Boone Jenner wins face-off versus Alex Newhook in Edmonton Oilers zone.
19:59 of 1st period - Eetu Luostarinen is hit by Brock Boeser and loses puck.
Goals for this period are 3 for Boston Bruins vs 0 for Edmonton Oilers.
Shots for this period are 15 for Boston Bruins vs 8 for Edmonton Oilers.
2nd period
0:01 of 2nd period - Alex Newhook wins face-off versus Adrian Kempe in neutral zone.
0:31 of 2nd period - Torey Krug is hit by Evan Bouchard and loses puck.
1:21 of 2nd period - Wrist shot by Corey Perry.
1:21 of 2nd period - Stopped by Jacob Markstrom with a rebound.
1:23 of 2nd period - Snap shot by Ryan McLeod.
1:23 of 2nd period - Stopped by Jacob Markstrom with a rebound.
1:39 of 2nd period - Snap shot by Ryan Strome.
1:39 of 2nd period - Stopped by Matt Murray with a rebound.
1:41 of 2nd period - Snap shot by Ryan Strome.
1:41 of 2nd period - Deflect By Alex Newhook.
1:41 of 2nd period - Shot Blocked by Brandon Carlo.
1:41 of 2nd period - Puck is out of play.
1:42 of 2nd period - Boone Jenner wins face-off versus Vincent Trocheck in Edmonton Oilers zone.
2:34 of 2nd period - Snap shot by Alex Newhook.
2:34 of 2nd period - Shot Blocked by Scott Mayfield.
2:54 of 2nd period - Snap shot by Jeff Carter.
2:54 of 2nd period - Stopped by Jacob Markstrom with a rebound.
3:55 of 2nd period - Slapshot by Evan Bouchard.
3:55 of 2nd period - Shot Blocked by Ryan Strome.
5:03 of 2nd period - Snap shot by Ryan Lindgren.
5:03 of 2nd period - Stopped by Matt Murray without a rebound.
5:04 of 2nd period - Jeff Carter wins face-off versus Vincent Trocheck in Edmonton Oilers zone.
5:26 of 2nd period - Minor Penalty to Scott Mayfield for Holding.
5:27 of 2nd period - Boone Jenner wins face-off versus Vincent Trocheck in Edmonton Oilers zone.
5:42 of 2nd period - Snap shot by Jonathan Marchessault.
5:42 of 2nd period - Stopped by Matt Murray with a rebound.
7:26 of 2nd period - Penalty to Scott Mayfield is over, Scott Mayfield is back on ice.
7:27 of 2nd period - Icing by Jake DeBrusk.
7:28 of 2nd period - Scott Mayfield wins face-off versus Ryan Strome in Edmonton Oilers zone.
7:35 of 2nd period - Snap shot by Ryan McLeod.
7:35 of 2nd period - Stopped by Jacob Markstrom with a rebound.
7:37 of 2nd period - Wrist shot by Corey Perry.
7:37 of 2nd period - Stopped by Jacob Markstrom with a rebound.
7:39 of 2nd period - Wrist shot by Corey Perry.
7:39 of 2nd period - Shot Misses the Net.
7:41 of 2nd period - Wrist shot by Corey Perry.
7:41 of 2nd period - Stopped by Jacob Markstrom without a rebound.
7:42 of 2nd period - Morgan Geekie wins face-off versus Alex Iafallo in Boston Bruins zone.
7:42 of 2nd period - Morgan Geekie is hit by Adrian Kempe.
7:50 of 2nd period - Snap shot by Morgan Geekie.
7:50 of 2nd period - Stopped by Matt Murray without a rebound.
7:51 of 2nd period - Ryan McLeod wins face-off versus Morgan Geekie in Edmonton Oilers zone.
8:01 of 2nd period - Wrist shot by Morgan Geekie.
8:01 of 2nd period - Stopped by Matt Murray with a rebound.
8:03 of 2nd period - Slapshot by John-Jason Peterka.
8:03 of 2nd period - Stopped by Matt Murray with a rebound.
8:11 of 2nd period - Backhand shot by John-Jason Peterka.
8:11 of 2nd period - Stopped by Matt Murray with a rebound.
8:13 of 2nd period - Wrist shot by Morgan Geekie.
8:13 of 2nd period - Stopped by Matt Murray without a rebound.
8:14 of 2nd period - Jeff Carter wins face-off versus Alex Newhook in Edmonton Oilers zone.
8:19 of 2nd period - Wrist shot by Alex Newhook.
8:19 of 2nd period - Stopped by Matt Murray with a rebound.
8:21 of 2nd period - Slapshot by Cam York.
8:21 of 2nd period - Shot Blocked by Brock Boeser.
8:23 of 2nd period - Slapshot by Torey Krug.
8:23 of 2nd period - Stopped by Matt Murray without a rebound.
8:24 of 2nd period - Alex Newhook wins face-off versus Jeff Carter in Edmonton Oilers zone.
8:31 of 2nd period - Snap shot by Ryan Strome.
8:31 of 2nd period - Shot Misses the Net.
8:33 of 2nd period - Slapshot by Evander Kane.
8:33 of 2nd period - Stopped by Matt Murray with a rebound.
8:35 of 2nd period - Slapshot by Cam York.
8:35 of 2nd period - Shot Misses the Net.
9:14 of 2nd period - Off-side.
9:15 of 2nd period - Jonathan Marchessault wins face-off versus David Perron in neutral zone.
9:42 of 2nd period - Corey Perry is hit by Eetu Luostarinen and loses puck.
10:45 of 2nd period - Snap shot by Alex Newhook.
10:45 of 2nd period - Stopped by Matt Murray without a rebound.
10:46 of 2nd period - Jeff Carter wins face-off versus Evander Kane in Edmonton Oilers zone.
10:53 of 2nd period - Slapshot by Alex Newhook.
10:53 of 2nd period - Shot Blocked by Brandon Carlo.
11:33 of 2nd period - Brandon Carlo is hit by Eetu Luostarinen and loses puck.
12:22 of 2nd period - Vincent Trocheck is hit by Dawson Mercer and loses puck.
12:41 of 2nd period - Icing by Brock Boeser.
12:42 of 2nd period - Eetu Luostarinen wins face-off versus Jeff Carter in Edmonton Oilers zone.
12:53 of 2nd period - Minor Penalty to Joel Farabee for High sticking.
12:54 of 2nd period - Boone Jenner wins face-off versus Vincent Trocheck in Boston Bruins zone.
12:55 of 2nd period - Snap shot by Adrian Kempe.
12:55 of 2nd period - Stopped by Jacob Markstrom with a rebound.
14:25 of 2nd period - Vincent Trocheck is hit by Adrian Kempe and loses puck.
14:53 of 2nd period - Penalty to Joel Farabee is over, Joel Farabee is back on ice.
15:00 of 2nd period - Morgan Geekie is hit by Jacob Trouba and loses puck.
16:01 of 2nd period - Wrist shot by Anders Lee.
16:01 of 2nd period - Shot Blocked by Alex Iafallo.
16:03 of 2nd period - Minor Penalty to Adrian Kempe for Tripping.
16:04 of 2nd period - Alex Newhook wins face-off versus Boone Jenner in Edmonton Oilers zone.
16:35 of 2nd period - Wrist shot by Jonathan Marchessault.
16:35 of 2nd period - Deflect By Brock Boeser.
16:35 of 2nd period - Shot Blocked by Brandon Carlo.
16:35 of 2nd period - Puck is out of play.
16:36 of 2nd period - Boone Jenner wins face-off versus Vincent Trocheck in Edmonton Oilers zone.
17:36 of 2nd period - Corey Perry is hit by Andrew Copp and loses puck.
18:03 of 2nd period - Penalty to Adrian Kempe is over, Adrian Kempe is back on ice.
18:07 of 2nd period - Slapshot by Vincent Trocheck.
18:07 of 2nd period - Stopped by Matt Murray with a rebound.
18:09 of 2nd period - Slapshot by Vincent Trocheck.
18:09 of 2nd period - Stopped by Matt Murray without a rebound.
18:10 of 2nd period - Alex Newhook wins face-off versus Alex Iafallo in Edmonton Oilers zone.
18:44 of 2nd period - Wrist shot by Joel Farabee.
18:44 of 2nd period - Shot Blocked by Jake DeBrusk.
18:46 of 2nd period - Slapshot by Cam York.
18:46 of 2nd period - Shot Misses the Net.
19:00 of 2nd period - Morgan Geekie is hit by Boone Jenner and loses puck.
19:13 of 2nd period - Minor Penalty to Evan Bouchard for Interference.
19:14 of 2nd period - Alex Newhook wins face-off versus Boone Jenner in Edmonton Oilers zone.
19:21 of 2nd period - Snap shot by Evander Kane.
19:21 of 2nd period - Stopped by Matt Murray with a rebound.
19:23 of 2nd period - Snap shot by Alex Newhook.
19:23 of 2nd period - Shot Misses the Net.
19:25 of 2nd period - Snap shot by Ryan Strome.
19:25 of 2nd period - Shot Misses the Net.
19:27 of 2nd period - Snap shot by Alex Newhook.
19:27 of 2nd period - Stopped by Matt Murray without a rebound.
19:28 of 2nd period - Alex Newhook wins face-off versus Adrian Kempe in Edmonton Oilers zone.
19:59 of 2nd period - Snap shot by Vincent Trocheck.
19:59 of 2nd period - Stopped by Matt Murray without a rebound.
Goals for this period are 0 for Boston Bruins vs 0 for Edmonton Oilers.
Shots for this period are 17 for Boston Bruins vs 7 for Edmonton Oilers.
3rd period
0:01 of 3rd period - Alex Newhook wins face-off versus Boone Jenner in neutral zone.
0:06 of 3rd period - David Savard is hit by Connor Clifton.
0:54 of 3rd period - Minor Penalty to Ryan Strome for Cross-checking.
0:55 of 3rd period - Vincent Trocheck wins face-off versus Adrian Kempe in Boston Bruins zone.
1:13 of 3rd period - Penalty to Evan Bouchard is over, Evan Bouchard is back on ice.
1:26 of 3rd period - Slapshot by Jake DeBrusk.
1:26 of 3rd period - Stopped by Jacob Markstrom without a rebound.
1:27 of 3rd period - Alex Newhook wins face-off versus Jeff Carter in Boston Bruins zone.
1:32 of 3rd period - Connor Clifton is hit by Jeff Carter and loses puck.
1:51 of 3rd period - Snap shot by Jake DeBrusk.
1:51 of 3rd period - Stopped by Jacob Markstrom with a rebound.
1:53 of 3rd period - Snap shot by Jake DeBrusk.
1:53 of 3rd period - Shot Misses the Net.
1:55 of 3rd period - Snap shot by Jacob Trouba.
1:55 of 3rd period - Stopped by Jacob Markstrom with a rebound.
1:57 of 3rd period - Slapshot by Jacob Trouba.
1:57 of 3rd period - Goal by Jacob Trouba - Boston Bruins : 3 - Edmonton Oilers : 1.
1:58 of 3rd period - Boone Jenner wins face-off versus Jonathan Marchessault in neutral zone.
2:25 of 3rd period - Dawson Mercer is hit by Anders Lee and loses puck.
2:38 of 3rd period - Slapshot by Ryan McLeod.
2:38 of 3rd period - Stopped by Jacob Markstrom with a rebound.
3:15 of 3rd period - Wrist shot by Adrian Kempe.
3:15 of 3rd period - Stopped by Jacob Markstrom without a rebound.
3:16 of 3rd period - Boone Jenner wins face-off versus Vincent Trocheck in Boston Bruins zone.
4:05 of 3rd period - Icing by Jonathan Marchessault.
4:06 of 3rd period - Dawson Mercer wins face-off versus Jonathan Marchessault in Boston Bruins zone.
4:15 of 3rd period - Slapshot by Evan Bouchard.
4:15 of 3rd period - Shot Misses the Net.
4:33 of 3rd period - Slapshot by Cam York.
4:33 of 3rd period - Stopped by Matt Murray without a rebound.
4:34 of 3rd period - Alex Newhook wins face-off versus Jeff Carter in Edmonton Oilers zone.
5:04 of 3rd period - Snap shot by Joel Farabee.
5:04 of 3rd period - Shot Misses the Net.
5:06 of 3rd period - Slapshot by Ryan Lindgren.
5:06 of 3rd period - Shot Misses the Net.
5:24 of 3rd period - Morgan Geekie is hit by David Perron and loses puck.
6:31 of 3rd period - David Perron is hit by Michael Rasmussen and loses puck.
6:58 of 3rd period - Off-side.
6:59 of 3rd period - Jeff Carter wins face-off versus Vincent Trocheck in neutral zone.
8:33 of 3rd period - Andrew Copp is hit by Ryan McLeod and loses puck.
8:44 of 3rd period - Wrist shot by Vincent Trocheck.
8:44 of 3rd period - Stopped by Matt Murray with a rebound.
9:37 of 3rd period - Ryan Strome is hit by David Perron and loses puck.
10:14 of 3rd period - Slapshot by Cam York.
10:14 of 3rd period - Goal by Cam York - Boston Bruins : 4 - Edmonton Oilers : 1.
10:15 of 3rd period - Adrian Kempe wins face-off versus Vincent Trocheck in neutral zone.
10:33 of 3rd period - Off-side.
10:34 of 3rd period - Dawson Mercer wins face-off versus Alex Newhook in neutral zone.
10:43 of 3rd period - Slapshot by Corey Perry.
10:43 of 3rd period - Stopped by Jacob Markstrom with a rebound.
10:45 of 3rd period - Snap shot by Corey Perry.
10:45 of 3rd period - Shot Misses the Net.
10:47 of 3rd period - Snap shot by Dawson Mercer.
10:47 of 3rd period - Stopped by Jacob Markstrom without a rebound.
10:48 of 3rd period - Boone Jenner wins face-off versus Vincent Trocheck in Boston Bruins zone.
10:49 of 3rd period - Snap shot by Adrian Kempe.
10:49 of 3rd period - Shot Misses the Net.
10:51 of 3rd period - Slapshot by Boone Jenner.
10:51 of 3rd period - Shot Misses the Net.
10:53 of 3rd period - Snap shot by David Perron.
10:53 of 3rd period - Shot Misses the Net.
10:55 of 3rd period - Snap shot by David Perron.
10:55 of 3rd period - Shot Blocked by Torey Krug.
10:57 of 3rd period - Wrist shot by Adrian Kempe.
10:57 of 3rd period - Shot Blocked by Vincent Trocheck.
10:59 of 3rd period - Wrist shot by Jacob Trouba.
10:59 of 3rd period - Stopped by Jacob Markstrom with a rebound.
11:01 of 3rd period - Snap shot by Boone Jenner.
11:01 of 3rd period - Deflect By David Perron.
11:01 of 3rd period - Stopped by Jacob Markstrom without a rebound.
11:02 of 3rd period - Ryan McLeod wins face-off versus Evander Kane in Boston Bruins zone.
11:13 of 3rd period - Adrian Kempe is hit by Cam York and loses puck.
12:16 of 3rd period - Slapshot by David Perron.
12:16 of 3rd period - Deflect By Boone Jenner.
12:16 of 3rd period - Shot Blocked by Alex Newhook.
12:16 of 3rd period - Puck is out of play.
12:17 of 3rd period - Jeff Carter wins face-off versus Alex Newhook in Boston Bruins zone.
12:31 of 3rd period - Minor Penalty to Evander Kane for Tripping.
12:32 of 3rd period - Boone Jenner wins face-off versus Vincent Trocheck in Boston Bruins zone.
13:46 of 3rd period - Wrist shot by Boone Jenner.
13:46 of 3rd period - Shot Blocked by Connor Clifton.
13:54 of 3rd period - David Perron is hit by Vincent Trocheck and loses puck.
14:13 of 3rd period - Snap shot by Adrian Kempe.
14:13 of 3rd period - Stopped by Jacob Markstrom without a rebound.
14:14 of 3rd period - Alex Newhook wins face-off versus Jeff Carter in Boston Bruins zone.
14:25 of 3rd period - Wrist shot by Brock Boeser.
14:25 of 3rd period - Stopped by Jacob Markstrom with a rebound.
14:31 of 3rd period - Penalty to Evander Kane is over, Evander Kane is back on ice.
15:32 of 3rd period - Snap shot by Alex Newhook.
15:32 of 3rd period - Deflect By Ryan Strome.
15:32 of 3rd period - Stopped by Matt Murray without a rebound.
15:33 of 3rd period - Alex Newhook wins face-off versus Corey Perry in Edmonton Oilers zone.
15:52 of 3rd period - Wrist shot by Vincent Trocheck.
15:52 of 3rd period - Stopped by Matt Murray with a rebound.
15:54 of 3rd period - Slapshot by Andrew Copp.
15:54 of 3rd period - Shot Misses the Net.
15:56 of 3rd period - Slapshot by Andrew Copp.
15:56 of 3rd period - Shot Blocked by Brock Boeser.
15:58 of 3rd period - Snap shot by Jonathan Marchessault.
15:58 of 3rd period - Shot Misses the Net.
16:00 of 3rd period - Slapshot by Torey Krug.
16:00 of 3rd period - Stopped by Matt Murray with a rebound.
16:12 of 3rd period - Wrist shot by John-Jason Peterka.
16:12 of 3rd period - Stopped by Matt Murray with a rebound.
16:16 of 3rd period - Slapshot by Michael Rasmussen.
16:16 of 3rd period - Shot Misses the Net.
16:18 of 3rd period - Wrist shot by Cam York.
16:18 of 3rd period - Shot Misses the Net.
16:20 of 3rd period - Slapshot by Michael Rasmussen.
16:20 of 3rd period - Shot Blocked by Brett Pesce.
16:22 of 3rd period - Snap shot by Morgan Geekie.
16:22 of 3rd period - Shot Misses the Net.
16:34 of 3rd period - Jake DeBrusk is hit by Anders Lee and loses puck.
16:39 of 3rd period - Wrist shot by Eetu Luostarinen.
16:39 of 3rd period - Shot Misses the Net.
16:41 of 3rd period - Wrist shot by Eetu Luostarinen.
16:41 of 3rd period - Stopped by Matt Murray with a rebound.
16:43 of 3rd period - Snap shot by Anders Lee.
16:43 of 3rd period - Shot Blocked by Brett Pesce.
17:35 of 3rd period - Snap shot by Vincent Trocheck.
17:35 of 3rd period - Deflect By David Savard.
17:35 of 3rd period - Goal by Vincent Trocheck - Boston Bruins : 5 - Edmonton Oilers : 1.
17:36 of 3rd period - Vincent Trocheck wins face-off versus Boone Jenner in neutral zone.
18:32 of 3rd period - Wrist shot by David Perron.
18:32 of 3rd period - Stopped by Jacob Markstrom without a rebound.
18:33 of 3rd period - Vincent Trocheck wins face-off versus Ryan McLeod in Boston Bruins zone.
18:53 of 3rd period - Icing by Ryan McLeod.
18:54 of 3rd period - Alex Newhook wins face-off versus Dawson Mercer in Edmonton Oilers zone.
18:58 of 3rd period - Corey Perry and Connor Clifton fight to a draw.
18:58 of 3rd period - Penalty to Corey Perry for Fighting.
18:58 of 3rd period - Penalty to Connor Clifton for Fighting.
18:59 of 3rd period - Boone Jenner wins face-off versus Vincent Trocheck in Edmonton Oilers zone.
18:59 of 3rd period - Boone Jenner is hit by Jonathan Marchessault.
19:07 of 3rd period - Wrist shot by Boone Jenner.
19:07 of 3rd period - Stopped by Jacob Markstrom without a rebound.
19:08 of 3rd period - Vincent Trocheck wins face-off versus Boone Jenner in Boston Bruins zone.
19:15 of 3rd period - Snap shot by Boone Jenner.
19:15 of 3rd period - Stopped by Jacob Markstrom without a rebound.
19:16 of 3rd period - Vincent Trocheck wins face-off versus Boone Jenner in Boston Bruins zone.
19:20 of 3rd period - Cam York is hit by David Savard and loses puck.
19:23 of 3rd period - Slapshot by Torey Krug.
19:23 of 3rd period - Shot Blocked by Evan Bouchard.
19:43 of 3rd period - Alex Newhook is hit by Ryan McLeod and loses puck.
Goals for this period are 2 for Boston Bruins vs 1 for Edmonton Oilers.
Shots for this period are 9 for Boston Bruins vs 15 for Edmonton Oilers.
Back to the Top